 Dungeon Crawl Stone Soup version 0.28.0-47-ge53b351184 (webtiles) character file.

Game seed: 713777128042096448

949 issech the Slasher (level 7, 0/57 (61) HPs)
             Began as a Troll Monk on May 8, 2022.
             Was a Believer of Hepliaklqana.
             Slain by an ogre
             ... wielding a +0 giant spiked club
              (9 damage)
             ... on level 6 of the Dungeon.
             The game lasted 00:16:48 (5533 turns).

issech the Slasher (Troll Monk)                     Turns: 5533, Time: 00:16:48

HP:   0/57 (61)     AC:  4    Str: 20    XL:     7   Next: 90%
MP:   6/6           EV: 11    Int:  6    God:    Hepliaklqana [**....]
Gold: 269           SH:  0    Dex: 18    Spells: 6/6 levels left

rFire   . . .      SeeInvis .   D - +2 flail
rCold   . . .      Faith    .   (no shield)
rNeg    + . .      Spirit   .   b - +0 robe
rPois   .          Reflect  .   (helmet restricted)
rElec   .          Harm     .   (no cloak)
rCorr   .          Rampage  .   (gloves unavailable)
Will    .....                   (boots unavailable)
Stlth   ++........              (no amulet)
HPRegen 0.99/turn               x - ring of the Little Devil {rN+ Dex+4}
MPRegen 0.10/turn               (no ring)

@: drained
A: reduced essence, large, unfitting armour, claws 3, regeneration 1, shaggy fur
1, tough skin 1
a: Renounce Religion, Recall Ancestor, Ancestor Identity


You were on level 6 of the Dungeon.
You worshipped Hepliaklqana.
Hepliaklqana was pleased with you.
You visited 2 branches of the dungeon, and saw 7 of its levels.

You collected 269 gold pieces.

Inventory:

Hand Weapons
 a - a +0 mace
 n - a +0 scimitar of protection
 t - a +0 giant club
 A - a +0 giant spiked club
 C - a +0 morningstar
 D - a +2 flail (weapon)
 E - a +4 dagger
Missiles
 h - 71 stones (quivered)
 p - 11 atropa-tipped darts
 q - 23 sling bullets
 s - 68 arrows
 w - 4 boomerangs
 y - 3 poisoned darts
 B - 3 javelins
 F - 25 bolts
Armour
 b - a +0 robe (worn)
Jewellery
 x - the ring of the Little Devil (left claw) {rN+ Dex+4}
   (You found it on level 4 of the Dungeon)

   [ring of positive energy]

   Dex:       It affects your dexterity (+4).
   rN:        It protects you from negative energy.
Scrolls
 c - a scroll of teleportation
 f - a scroll of noise
 g - a scroll of blinking
 i - 3 scrolls of enchant weapon
 j - 2 scrolls of enchant armour
 l - a scroll of torment
 m - 2 scrolls of fear {unknown}
 r - a scroll of amnesia {unknown}
 u - a scroll of holy word {unknown}
Potions
 d - 3 potions of curing {unknown}
 e - 2 potions of haste {unknown}
 k - 4 potions of heal wounds {unknown}
 o - 2 potions of berserk rage {unknown}
 v - 2 potions of brilliance {unknown}
 z - a potion of might {unknown}
 G - a potion of flight {unknown}


   Skills:
 + Level 3.9 Fighting
 + Level 4.8 Long Blades
 + Level 3.9 Maces & Flails
 + Level 3.9 Dodging
 + Level 1.9 Stealth


You had 6 spell levels left.
You didn't know any spells.
Your spell library contained the following spells:

 Spells                   Type           Power      Damage    Failure   Level
 Sting                    Tmut/Pois      0%         1d3       45%         1
 Gell's Gravitas          Tloc           0%         N/A       83%         3
 Teleport Other           Tloc           0%         N/A       83%         3
 Alistair's Intoxication  Tmut/Pois      0%         N/A       100%        5
 Dispersal                Tloc           0%         N/A       100%        6
 Necromutation            Tmut/Necr      0%         N/A       100%        8


Dungeon Overview and Level Annotations

Branches:
Dungeon (6/15)             Temple (1/1) D:5

Altars:
Ashenzari
Cheibriados
Dithmenos
Elyvilon
Fedhas
Gozag
Hepliaklqana
Kikubaaqudgha
Makhleb
Nemelex Xobeh
Okawaru
Qazlal
Ru
Sif Muna
Trog
Uskayaw
Vehumet
Wu Jian
Yredelemnul
Zin
The Shining One


Innate Abilities, Weirdness & Mutations

Your life essence is reduced to manifest your ancestor. (-10% HP)
You are too large for most types of armour.
You have claws for hands.
Your natural rate of healing is unusually fast.
You are covered in fur. (AC +1)
You have tough skin. (AC +1)


Message History

F - 25 bolts You now have 263 gold pieces (gained 11).
Found a stone staircase leading up.
You open the door.
There is an open door here.
There is an open door here.
There is an open door here.
There is an open door here.
Items here: )))).
Done exploring.
Okay, then.
You swap places.
There is a stone staircase leading down here.
You climb downwards.
Found an escape hatch in the ceiling.
There is a stone staircase leading up here.
You swap places.
i - 3 scrolls of enchant weapon (gained 1)
An ogre comes into view. It is wielding a +0 giant spiked club.
You see here a coppery potion.
You see here 6 gold pieces.
You now have 269 gold pieces (gained 6).
You swap places.
You see here a coppery potion.
You see here a coppery potion.
G - a coppery potion You swap places.
The ogre shouts!
You completely miss the ogre.
The ogre hits you with a +0 giant spiked club!!
Ouch! That really hurt!
You hit the ogre but do no damage.
The ogre hits you with a +0 giant spiked club!!
* * * LOW HITPOINT WARNING * * *
You hit the ogre.
The ogre is lightly wounded.
Ramose points at the ogre and mumbles some strange words.
The puff of frost hits the ogre!
The ogre hits you with a +0 giant spiked club!
You die...

#.###.#.###.#
#.# #.#.# #.#
#.#.# #.# #.#.#
#.# #.#.# #.#
#.#.###.### #.
#..........
#.###...###.###
#..O@R..#
#.#.###.# ..#
##.# #.. ... ##
.... ##.## .#


You could see the friendly Ramose the battlemage and an ogre (ally target).

Vanquished Creatures
  3 ogres
  A phantom (D:5)
  5 wights
  4 hounds
  An iguana (D:5)
  An orc wizard (D:4)
  A hound zombie (D:5)
  8 gnolls
  7 adders
  A white imp (D:5)
  2 adder skeletons (D:4)
  A worm (D:4)
  2 dart slugs
  9 orcs
  5 ball pythons
  3 endoplasms
  3 giant cockroaches
  7 goblins
  5 hobgoblins
  6 jackals
  3 quokkas
  4 bats
  5 frilled lizards
  6 kobolds
  4 rats
97 creatures vanquished.

Vanquished Creatures (others)
  2 plants (D:1)
2 creatures vanquished.

Grand Total: 99 creatures vanquished

Notes
Turn   | Place    | Note
-------+----------+-------------------------------------------
     0 | D:1      | issech the Troll Monk began the quest for the Orb.
     0 | D:1      | Reached XP level 1. HP: 22/22 MP: 0/0
   176 | D:1      | Reached XP level 2. HP: 29/29 MP: 1/1
   462 | D:1      | Found a faded altar of an unknown god.
  1070 | D:2      | Reached XP level 3. HP: 27/36 MP: 2/2
  1302 | D:2      | Reached XP level 4. HP: 44/44 MP: 3/3
  2611 | D:4      | Noticed an ogre
  2634 | D:3      | Killed an ogre
  2635 | D:3      | Reached skill level 1 in Long Blades
  2635 | D:3      | Reached XP level 5. HP: 18/53 MP: 4/4
  2820 | D:4      | Reached skill level 2 in Long Blades
  2847 | D:4      | Noticed an ogre
  2855 | D:4      | Killed an ogre
  2856 | D:4      | Reached XP level 6. HP: 26/61 MP: 5/5
  2860 | D:4      | Got the Papyrus of Vitriolic Sinister Rites
  2992 | D:4      | Reached skill level 3 in Long Blades
  3007 | D:4      | Identified the ring of the Little Devil {rN+ Dex+4}
  3467 | D:5      | Entered Level 5 of the Dungeon
  3635 | D:5      | Reached XP level 7. HP: 64/67 MP: 6/6
  3809 | D:4      | Reached skill level 4 in Long Blades
  4883 | D:5      | Found a staircase to the Ecumenical Temple.
  4889 | Temple   | Entered the Ecumenical Temple
  5196 | Temple   | Became a worshipper of Hepliaklqana the Forgotten
  5196 | Temple   | Reached * piety under Hepliaklqana
  5196 | Temple   | Reached ** piety under Hepliaklqana
  5197 | Temple   | Remembered your ancestor Ramose as a battlemage
  5533 | D:6      | Slain by an ogre

Illustrated notes

Levels and vault maps discovered:
D:1:      minmay_arrival_arboretum_large, layout_basic,
          shapermc_ecumenical_altar_acropolis, chequers_serial_rivers_micro_a,
          chequers_big_river
D:2:      layout_loops_ring, dk_noncrumbling_3, minmay_misc_feat_square,
          nicolae_figureground_pulse
D:3:      layout_loops_cross
D:4:      layout_loops_ring
D:5:      layout_gridville, minmay_temple_entry_fiery, minmay_misc_feat_rugged
D:6:      layout_loops_ring, guppyfry_shop_venom, uniq_sigmund
Temple:   mainiacjoe_temple_trianglar_array

Skill      XL: |  1  2  3  4  5  6  7 |
---------------+----------------------+-----
Maces & Flails | 3 |  3.9
Dodging        | 3 |  3.9
Fighting       | 3 |  3.9
Long Blades    | 1 2 3 4 |  4.8
Stealth        | |  1.9

Action                   |  1- 3 |  4- 6 |  7- 9 || total
-------------------------+-------+-------+-------++-------
Melee: Mace              |   126 |    22 |       ||   148
       Punch             |     2 |       |     1 ||     3
       Scimitar          |       |   127 |    55 ||   182
       Flail             |       |       |    34 ||    34
Throw: Stone             |       |     6 |     1 ||     7
Invok: Ancestor Life: Ba |       |       |     1 ||     1
  Use: Scroll            |       |     5 |     1 ||     6
 Stab: Sleeping          |     1 |     2 |     3 ||     6
Armor: Robe              |    54 |    53 |    11 ||   118
Dodge: Dodged            |    72 |   101 |    44 ||   217
